Map: Kairos Junction LE

Players

lIlIlIlIIlIl - Winner!

  • Race: Protoss Protoss
  • League: Master
  • Spawn Location: 11:00

HeroMarine

  • Race: Terran Terran
  • League: Grandmaster
  • Spawn Location: 5:00

Event: 2019 Assembly Summer

VOD

Have the link to the VOD?

Description

Time

  • Played on: Aug. 1, 2019, 12:10 p.m.
  • Length: 11:46

All games in this series

Show
View Real Time Build Order
Export as new Build Order

lIlIlIlIIlIl Protoss - Winner!

Build Orders: 1 Gate Expand, Oracle Opening 

Get SALT Encoding   

  12  0:00  Probe  
  13  0:12  Probe  
  14  0:17  Pylon  
  14  0:24  Probe  
  15  0:33  Probe  
  15  0:35  Gateway  
  15  0:41  Probe  
  16  0:46  Assimilator  
  17  0:51  Probe  
  18  1:03  Probe  
  19  1:15  Probe  
  20  1:24  Cybernetics Core  
  20  1:29  Zealot  
  22  1:39  Nexus  
  22  1:45  Pylon  
  22  1:48  Probe  
  22  1:53  Adept  
  23  1:55  Assimilator  
  23  2:04  Probe  
  23  2:06  Warp Gate  
  26  2:13  Adept  
  26  2:16  Probe  
  27  2:28  Probe  
  30  2:40  Stargate, Probe  
  31  2:47  Probe  
  31  2:50  Adept  
  34  2:52  Probe  
  34  2:55  Probe  
  35  3:04  Probe  
  37  3:13  Oracle  
  37  3:16  Probe x2  
  40  3:29  Probe  
  40  3:30  Probe  
  40  3:32  Gateway  
  42  3:34  Gateway  
  42  3:41  Probe, Oracle  
  43  3:42  Probe  
  42  3:53  Probe  
  42  3:54  Probe  
  43  3:57  Assimilator  
  43  3:58  Assimilator, Pylon  
  43  4:05  Adept, Probe  
  43  4:09  Robotics Facility  
  46  4:16  Probe  
  47  4:17  Probe  
  47  4:19  Phoenix  
  50  4:29  Probe  
  50  4:30  Adept  
  53  4:35  Phoenix  
  53  4:36  Adept  
  53  4:37  Adept  
  50  4:42  Probe x2  
  50  4:54  Probe x2  
  50  4:57  Adept  
  51  5:09  Pylon  
  51  5:15  Probe  
  51  5:16  Probe  
  51  5:18  Pylon  
  53  5:24  Probe x2, Observer  
  56  5:29  Phoenix  
  56  5:32  Probe  
  58  5:38  Probe  
  58  5:42  Probe  
  60  5:46  Immortal  
  60  5:48  Robotics Bay  
  61  5:53  Pylon  
  67  6:02  Adept x2  
  69  6:05  Shield Battery  
  69  6:06  Shield Battery  
  69  6:12  Adept  
  69  6:13  Phoenix  
  63  6:27  Adept x2  
  63  6:29  Phoenix  
  59  6:34  Adept  
  59  6:43  Colossus  
  63  6:48  Zealot  
  63  6:49  Zealot  
  65  6:54  Zealot  
  65  6:56  Phoenix  
  65  7:09  Extended Thermal Lance  
  65  7:11  Zealot x2  
  65  7:12  Probe  
  65  7:15  Pylon  
  70  7:26  Nexus  
  70  7:28  Probe x2, Colossus  
  72  7:41  Pylon  
  72  7:43  Probe x2  
  80  7:50  Sentry x2  
  84  7:55  Probe x2  
  86  8:05  Forge  
  86  8:10  Colossus  
  86  8:11  Nexus  
  86  8:12  Probe x2  
  88  8:13  Pylon  
  88  8:21  Twilight Council  
  94  8:31  Probe x2  
  94  8:33  Sentry  
  98  8:36  Pylon  
  98  8:43  Probe x2  
  98  8:45  Protoss Ground Weapons Level 1  
  98  8:48  Charge  
  99  8:55  Probe x2  
  101  9:00  Warp Prism  
  101  9:04  Gateway, Sentry  
  101  9:11  Stalker x2  
  101  9:13  Probe  
  101  9:14  Probe  
  107  9:20  Gateway  
  107  9:25  Gateway  
  107  9:29  Gateway  
  107  9:31  Zealot  
  107  9:36  Assimilator  
  107  9:38  Assimilator  
  109  9:42  Templar Archives  
  109  9:47  Immortal  
  111  9:56  Stalker x2  
  111  9:57  Zealot  
  101  10:12  Psionic Storm  
  91  10:20  Warp Prism  
  89  10:28  Zealot x3  
  89  10:29  Zealot x4  
  95  10:52  Immortal  
  95  10:55  High Templar x3  
  95  10:56  Zealot x4, Nexus  
  113  10:59  Gateway  
  113  11:02  Probe x3  
  113  11:03  Pylon  
  116  11:06  Pylon  
  116  11:16  Probe x3  
  116  11:17  Pylon  
  119  11:23  High Templar x2  
  119  11:24  Zealot x2, Pylon  
  125  11:28  Archon  
  125  11:29  Zealot x2  
  125  11:31  Zealot  
Show
View Real Time Build Order
Export as new Build Order

HeroMarine Terran 

Build Orders: Gas First Reaper Expand 

Get SALT Encoding   

  12  0:00  SCV  
  13  0:13  SCV  
  14  0:17  Supply Depot  
  14  0:25  SCV  
  14  0:28  Refinery  
  15  0:38  SCV  
  16  0:44  Barracks  
  16  0:50  SCV  
  17  1:03  SCV  
  18  1:15  SCV  
  19  1:32  Reaper  
  20  1:34  Orbital Command  
  20  1:45  Command Center  
  20  1:55  Factory  
  20  1:59  SCV  
  21  2:05  Barracks Reactor  
  21  2:11  SCV  
  21  2:15  Supply Depot  
  22  2:18  Refinery  
  22  2:23  SCV  
  23  2:37  SCV  
  24  2:40  Widow Mine  
  24  2:43  Marine x2  
  27  2:48  Supply Depot, Starport  
  27  2:52  SCV  
  28  3:01  Marine x2  
  28  3:04  SCV  
  31  3:16  SCV  
  31  3:17  Widow Mine  
  31  3:19  Marine x2  
  33  3:27  Medivac  
  33  3:28  SCV  
  36  3:38  Marine x2  
  36  3:40  SCV  
  37  3:51  Factory Tech Lab  
  37  3:53  Orbital Command  
  37  3:54  SCV  
  37  3:56  Marine x2  
  39  4:08  Viking  
  42  4:11  Cyclone  
  42  4:13  Mag-Field Accelerator  
  42  4:16  Marine  
  43  4:17  Marine  
  43  4:24  SCV  
  43  4:25  SCV  
  40  4:34  Marine  
  40  4:35  Marine  
  43  4:38  SCV x2  
  40  4:51  Cyclone  
  40  4:52  Viking  
  45  4:58  SCV x2  
  45  4:59  Marine  
  47  5:00  Marine  
  47  5:06  Supply Depot  
  49  5:10  SCV x2  
  49  5:17  Marine x2  
  51  5:22  Viking  
  53  5:29  Cyclone  
  56  5:35  Supply Depot  
  56  5:37  SCV x2  
  56  5:40  Marine  
  56  5:42  Marine  
  60  5:49  SCV  
  62  5:50  SCV  
  62  5:57  Medivac  
  62  5:58  Supply Depot  
  62  5:59  Marine  
  62  6:00  Marine  
  62  6:03  SCV x2  
  68  6:15  SCV x2  
  70  6:20  Cyclone, Marine x2  
  72  6:27  SCV  
  72  6:28  SCV  
  66  6:37  Marine x2  
  63  6:40  SCV x2  
  59  6:52  Cyclone, SCV x2  
  64  6:55  Marine  
  63  7:01  Marine  
  63  7:04  Barracks, SCV x2  
  63  7:13  Marine  
  64  7:16  Barracks, SCV x2  
  64  7:19  Marine  
  64  7:20  Refinery, Engineering Bay  
  67  7:24  Siege Tank  
  70  7:31  Marine  
  70  7:37  Marine  
  73  7:41  Refinery  
  73  7:42  Command Center  
  73  7:43  SCV x2  
  74  7:49  Marine  
  75  7:53  Barracks Tech Lab  
  75  7:54  Marine  
  75  7:55  SCV x2  
  77  8:07  Marine  
  77  8:08  Barracks Tech Lab  
  77  8:11  Terran Infantry Weapons Level 1  
  78  8:13  Supply Depot  
  78  8:15  Stimpack  
  78  8:16  Starport Reactor  
  78  8:23  Siege Tank  
  78  8:24  Marauder  
  78  8:26  Barracks  
  83  8:27  Combat Shield, Barracks  
  83  8:28  Supply Depot  
  83  8:30  SCV x2  
  85  8:36  Marauder  
  85  8:37  Marine  
  85  8:38  Marine  
  89  8:42  SCV  
  89  8:43  SCV  
  89  8:46  Marine  
  89  8:54  SCV  
  90  8:55  Marine  
  90  8:57  Marauder  
  90  8:58  Siege Tank  
  90  9:01  SCV  
  97  9:03  Medivac  
  97  9:05  Medivac  
  97  9:06  SCV  
  102  9:13  SCV  
  102  9:16  Barracks Reactor, Barracks Tech Lab  
  105  9:17  Marine, Marauder  
  105  9:18  SCV  
  105  9:20  Marine  
  108  9:28  Orbital Command  
  110  9:35  Refinery, Siege Tank  
  110  9:37  Refinery  
  111  9:41  Marauder  
  117  9:45  Marauder  
  117  9:46  Marauder  
  109  9:53  Marine  
  109  9:54  Marine  
  109  9:58  Marine  
  109  9:59  Marine  
  98  10:03  Marauder  
  98  10:06  SCV x2  
  98  10:07  Marauder x2  
  98  10:11  Marine x2, Siege Tank  
  94  10:16  Marine  
  94  10:17  Medivac  
  87  10:24  Marine, Marauder  
  79  10:28  Marauder x2  
  79  10:29  Marine x2  
  74  10:38  Marine  
  74  10:42  Marine  
  72  10:45  Marauder  
  72  10:46  Siege Tank  
  72  10:47  SCV  
  72  10:48  SCV x2  
  84  10:50  Marauder x2  
  84  10:51  Medivac x2  
  88  10:59  Concussive Shells  
  88  11:00  SCV x3  
  91  11:07  Marauder  
  95  11:11  Marauder  
  95  11:12  SCV x3  
  95  11:14  Ghost Academy  
  95  11:18  Marine x2  
  100  11:24  SCV x3  
  107  11:34  Supply Depot  
Tags
 
Add a new tag
Caveats
  • Supply blocks, unpowered buildings, or Contaminate may cause inaccurate times.
  • Supply counts are checked every 10 seconds.